 Dungeon Crawl Stone Soup version 0.20-a0-1000-g0e8f6bb (webtiles) character file.

23 inmateoo the Skirmisher (level 2, -1/36 HPs)
             Began as a Hill Orc Fighter on Apr 12, 2017.
             Succumbed to a goblin's poison
             ... on level 1 of the Dungeon.
             The game lasted 00:01:06 (594 turns).

inmateoo the Skirmisher (Hill Orc Fighter)           Turns: 594, Time: 00:01:07

Health: -1/36      AC: 21    Str: 18    XL:     2   Next: 95%
Magic:  2/2        EV:  2    Int:  8    God:
Gold:   45         SH:  9    Dex: 15    Spells: 1/1 levels left

rFire    . . .     SeeInvis .   a - +0 war axe
rCold    . . .     Gourm    .   c - +0 shield
rNeg     + + +     Faith    .   (armour currently unavailable)
rPois    +         Spirit   .   (helmet currently unavailable)
rElec    .         Reflect  .   (cloak currently unavailable)
rCorr    .         Harm     .   (gloves currently unavailable)
MR       .....     Clarity  +   (boots currently unavailable) Stlth ++........NoTele +
                                (no amulet)
Regen    0.2/turn               (no ring)
MPRegen  0.1/turn               (no ring)

@: agile, lethally poisoned (-1 -> -34), tree-form
A: clarity, frail 1
a: no special abilities


You were on level 1 of the Dungeon.
You were not hungry.
You were a tree.
You visited 1 branch of the dungeon, and saw 2 of its levels.

You collected 45 gold pieces.

Inventory:

Hand Weapons
 a - a +0 war axe (weapon)
Armour
 b - a +0 scale mail (melded)
 c - a +0 shield (worn)
Jewellery
 m - an uncursed ring of wizardry {unknown}
Scrolls
 e - 3 scrolls of remove curse {unknown}
 j - a scroll of identify {unknown}
 l - a scroll of teleportation {unknown}
Potions
 d - a potion of might
 k - a potion of mutation
Comestibles
 f - a bread ration
 g - 3 royal jellies


   Skills:
 - Level 4.2 Fighting
 - Level 2.6 Axes
 + Level 4.0 Armour
 - Level 3.2 Shields


You had one spell level left.
You didn't know any spells.

Dungeon Overview and Level Annotations

Branches:
Dungeon (2/15)

Altars:

Annotations:
D:2 Robin


Innate Abilities, Weirdness & Mutations

You possess an exceptional clarity of mind.
You are frail. (-10% HP)


Message History

* * * LOW HITPOINT WARNING * * *
You feel very sick. The bat barely misses you. You block the goblin's attack.
The goblin hits you with a dagger of venom.
* * * LOW HITPOINT WARNING * * *
You are more poisoned.
It was a potion of mutation.
You feel extremely strange.
You feel frail.
Your thoughts seem clearer.
* * * LOW HITPOINT WARNING * * *
You feel very sick. The bat hits you but does no damage.
The goblin hits you but does no damage.
It was a potion of lignification.
You turn into a tree.
Your +0 scale mail melds into your body.
Your roots penetrate the ground.
* * * LOW HITPOINT WARNING * * *
You feel very sick. The bat hits you but does no damage.
You block the goblin's attack.
It was a potion of agility.
You feel agile all of a sudden.
You die...

#.########## ##
#.# #..# ##. #)#
##.#######.. #.#
#..##.....# #.#
#..#..####.
###.#####...####..
#................#
#g).............##
#♣b...............
#.)........###....
#..........#######
#####....#..## #
#..#.....# #
##...##### # ###.#
# #.# #### #.##
###...


You could see a goblin and a bat.

Vanquished Creatures
  2 leopard geckos (D:1)
  5 goblins
  3 hobgoblins (D:1)
  2 kobolds (D:1)
  4 bats (D:1)
  2 rats (D:1)
18 creatures vanquished.

Notes
Turn   | Place    | Note
-------+----------+-------------------------------------------
     0 | D:1      | inmateoo the Hill Orc Fighter began the quest for the Orb.
     0 | D:1      | Reached XP level 1. HP: 19/19 MP: 1/1
    76 | D:1      | Reached XP level 2. HP: 18/27 MP: 2/2
   584 | D:2      | Noticed Robin
   592 | D:1      | Gained mutation: You are frail. (-10% HP) [potion of mutation]
   592 | D:1      | Gained mutation: You possess an exceptional clarity of mind. [potion of mutation]
   593 | D:1      | HP: 1/36 [poisoned by a goblin]
   594 | D:1      | Succumbed to a goblin's poison

Vault maps used:
D:1:      onia_arrival_mini_maze
D:2:      lemuel_round_altar, nicolae_overflow_hidden_temple, glass_columns_a,
          uniq_robin

Skill      XL: |  1  2 |
---------------+-------+-----
Fighting       | 4 |  4.2
Armour         | 4 |  4.0
Axes           | |  2.6
Shields        | |  3.2

Action                   || total
-------------------------++-------
Melee: War axe           ||    56
  Use: Potion            ||     3
Armor: Scale mail        ||    30
       Skin              ||     1
Dodge: Dodged            ||    23
Block: Shield            ||    24
